Aeros vs Bulldogs

Created - Thursday, December 04, 2014 at 20:35

Goals
1 2 3 T
Aeros 0 0 0 0
Bulldogs 2 0 2 4
Shots
1 2 3 T
Aeros 4 14 4 22
Bulldogs 9 1 9 19

1st period

1. Bulldogs , B.J. Crombeen 11 (Ryan Carter, Jeff Zatkoff) at 6:48 (PP)
2. Bulldogs , Ryan Carter 8 (Ryan Whitney) at 15:38 (PP)

Penalties :
Ilari Melart (HOU) for Tripping (Minor) at 5:50, Ryan Whitney (Ham) for Holding (Minor) at 7:42, Ilari Melart (HOU) for High sticking (Minor) at 14:28, Shane O'Brien (HOU) for Charging (Minor) at 16:01

2nd period

No Goal

Penalties :
B.J. Crombeen (Ham) for Fighting (Major) at 6:01, Scott Campbell (HOU) for Fighting (Major) at 6:01

3rd period

3. Bulldogs , Ryan Carter 9 (Nathan Beaulieu, B.J. Crombeen) at 1:15
4. Bulldogs , Patrick Dwyer 4 (Trevor Smith, Patrick Kaleta) at 16:53

Penalties :
Patrick Wey (HOU) for Kneeing (Major) at 1:26

Goalie Stats

Harri Sateri (HOU), 15 saves from 19 shots - (0.789), L, 2-4-1, 60:00 minutes
Jeff Zatkoff (Ham), 22 saves from 22 shots - (1.000), W, 14-0-2, 60:00 minutes

Players Stats for Aeros

Player Name              G  A  P  +/- PIM S  H  SB GA TA FO     MP     PP MP  PK MP  
------------------------------------------------------------------------------------
Alex Friesen             0  0  0  -1  0   1  2  0  0  0  3/8    12:49   0:00   0:00 
Andrew Gordon            0  0  0   0  0   0  1  0  2  0  3/4    19:07   1:03   5:27 
Bretton Stamler          0  0  0  -2  0   0  1  1  2  0  0/0    17:00   0:00   0:00 
Cam Janssen              0  0  0  -1  0   4  1  0  0  0  0/0    15:11   0:56   1:26 
Colin Stuart             0  0  0  -1  0   4  1  0  3  1  1/1    14:22   0:00   2:20 
Craig Cunningham         0  0  0  -1  0   0  0  2  2  1  1/2    16:27   0:56   2:20 
Dan Catenacci            0  0  0  -1  0   2  0  1  1  0  5/8    12:10   0:00   0:12 
Danny Hobbs              0  0  0   0  0   1  3  1  1  0  0/0    12:05   0:56   0:00 
Ilari Melart             0  0  0   0  4   0  2  0  1  1  0/0    17:13   0:00   3:14 
Jason Zucker             0  0  0   0  0   4  3  0  2  0  0/0    19:14   1:03   5:16 
Joel Chouinard           0  0  0   0  0   0  1  0  0  0  0/0    18:56   0:56   3:37 
Jon Landry               0  0  0   0  0   1  0  2  0  1  0/0    24:04   1:03   5:29 
Matthew Pistilli         0  0  0  -1  0   2  0  0  0  1  0/0    13:04   0:00   0:00 
Mike Ullrich             0  0  0   0  0   0  1  0  0  0  2/3    11:09   0:00   0:00 
Patrick Wey              0  0  0  -2  5   0  0  5  1  1  0/0    19:48   0:56   1:23 
Scott Campbell           0  0  0   0  5   0  2  0  0  1  0/0    11:05   0:00   1:11 
Shane O'Brien            0  0  0   0  2   1  5  1  0  1  0/0    23:25   1:03   4:29 
Warren Peters            0  0  0   0  0   2  0  0  0  0  5/10   13:40   1:03   0:00 

Players Stats for Bulldogs

Player Name              G  A  P  +/- PIM S  H  SB GA TA FO     MP     PP MP  PK MP  
------------------------------------------------------------------------------------
Andrew Bodnarchuk        0  0  0   1  0   0  1  1  0  0  0/0     8:56   0:00   0:22 
B.J. Crombeen            1  1  2   1  5   4  1  1  2  1  0/0    18:19   4:48   0:32 
Brandon Yip              0  0  0   0  0   1  2  0  3  0  0/0    22:02   4:02   0:00 
Chris Conner             0  0  0   0  0   1  0  0  2  0  0/0     5:01   0:35   0:00 
Cody McCormick           0  0  0   0  0   1  1  0  2  0  5/8    14:05   3:43   1:27 
Jean-Francois Jacques    0  0  0   0  0   0  1  1  0  1  1/2    15:40   0:51   0:00 
Jordan Leopold           0  0  0   0  0   0  0  0  0  0  0/0    26:35   5:13   1:09 
Mark Olver               0  0  0   1  0   1  3  1  1  0  3/12   18:39   4:48   0:00 
Matt Hunwick             0  0  0   0  0   0  0  0  0  0  0/0     0:00   0:00   0:00 
Nathan Beaulieu          0  1  1   1  0   2  0  2  1  2  0/0    23:38   3:53   0:50 
Patrick Dwyer            1  0  1   1  0   2  2  1  2  2  0/2    22:12   3:43   0:47 
Patrick Kaleta           0  1  1   1  0   0  3  1  1  0  0/0    13:49   0:00   0:00 
Reece Scarlett           0  0  0   0  0   0  0  0  0  2  0/0    14:50   0:00   0:00 
Ryan Carter              2  1  3   1  0   3  3  0  1  0  0/0    19:41   4:48   0:32 
Ryan Whitney             0  1  1   1  2   0  1  0  0  1  0/0    22:05   5:13   0:00 
Steven Kampfer           0  0  0   1  0   1  3  1  0  0  0/0    24:25   3:53   1:37 
Tim Kennedy              0  0  0   0  0   0  3  0  0  1  1/5    14:13   0:00   0:40 
Trevor Smith             0  1  1   1  0   3  2  0  2  0  6/7    13:49   0:00   0:00 

3 Stars

1 - Ryan Carter (Ham)
2 - Jeff Zatkoff (Ham)
3 - Patrick Dwyer (Ham)

Power Play

Aeros - 0 on 1 Attempt(s) - 0.00%
Bulldogs - 2 on 4 Attempt(s) - 50.00%

Penalty Kill

Aeros - 2 on 4 Attempt(s) - 50.00% - Score 0 goal in Penalty Kill
Bulldogs - 1 on 1 Attempt(s) - 100.00% - Score 0 goal in Penalty Kill

Official

Referees : Unknown
Linesman : Unknown

Game Notes

Scott Campbell beats up B.J. Crombeen at 6:01 of 2nd period

Finance

Level 1 -- Attendance: 1362 (68.10%) -- Ticket Income $47,670
Level 2 -- Attendance: 730 (73.00%) -- Ticket Income $10,950
Total Attendance: 2092 (69.73%)
Total Ticket Income: $58,620
Other Income: $28,724
Total Income: $87,344

Aeros

5 vs 5 Forward 
   Center                   Left Wing                Right Wing               Time % Phy DF OF 
 1 Warren Peters            Jason Zucker             Andrew Gordon            35     1   2  2  
 2 Alex Friesen             Craig Cunningham         Cam Janssen              30     1   2  2  
 3 Dan Catenacci            Colin Stuart             Matthew Pistilli         22     1   2  2  
 4 Mike Ullrich             Scott Campbell           Danny Hobbs              13     1   2  2  

5 vs 5 Defense 
   Defense                  Defense                                           Time % Phy DF OF 
 1 Shane O'Brien            Jon Landry                                        35     1   2  2  
 2 Bretton Stamler          Patrick Wey                                       30     1   2  2  
 3 Ilari Melart             Joel Chouinard                                    22     1   2  2  
 4 Shane O'Brien            Jon Landry                                        13     1   2  2  

PowerPlay Forward 
   Center                   Left Wing                Right Wing               Time % Phy DF OF 
 1 Warren Peters            Jason Zucker             Andrew Gordon            60     1   2  2  
 2 Danny Hobbs              Craig Cunningham         Cam Janssen              40     1   2  2  

PowerPlay Defense
   Defense                  Defense                                           Time % Phy DF OF 
 1 Shane O'Brien            Jon Landry                                        60     1   2  2  
 2 Joel Chouinard           Patrick Wey                                       40     1   2  2  

Penalty Kill 4 Players Forward 
   Center                   Wing                     Time % Phy DF OF 
 1 Andrew Gordon            Jason Zucker             60     1   2  2  
 2 Craig Cunningham         Colin Stuart             40     1   2  2  

Penalty Kill 4 Players Defense
   Defense                  Defense                  Time % Phy DF OF 
 1 Shane O'Brien            Jon Landry               60     1   2  2  
 2 Joel Chouinard           Patrick Wey              40     1   2  2  

Penalty Kill - 3 Players Forward 
   Forward                                           Time % Phy DF OF 
 1 Andrew Gordon                                     60     1   2  2  
 2 Jason Zucker                                      40     1   2  2  

Penalty Kill - 3 Players Defense
   Defense                  Defense                  Time % Phy DF OF 
 1 Shane O'Brien            Jon Landry               60     1   2  2  
 2 Joel Chouinard           Patrick Wey              40     1   2  2  

4 vs 4 Forward 
   Center                   Wing                     Time % Phy DF OF 
 1 Andrew Gordon            Jason Zucker             60     1   2  2  
 2 Craig Cunningham         Colin Stuart             40     1   2  2  

4 vs 4 Defense
   Defense                  Defense                  Time % Phy DF OF 
 1 Shane O'Brien            Jon Landry               60     1   2  2  
 2 Joel Chouinard           Patrick Wey              40     1   2  2  

Last Minutes Offensive
   Center                   Left Wing                Right Wing               Defense                  Defense                  
   Warren Peters            Jason Zucker             Andrew Gordon            Shane O'Brien            Jon Landry               

Last Minutes Defensive
   Center                   Left Wing                Right Wing               Defense                  Defense                  
   Warren Peters            Jason Zucker             Andrew Gordon            Shane O'Brien            Jon Landry               

Goaltenders
Starting : Harri Sateri             
Backup : David Leggio             

Extra Forwards
Normal : Matthew Pistilli, Scott Campbell, Jason Zucker - PP : Matthew Pistilli, Scott Campbell - PK : Cam Janssen
Extra Defensemen
Normal : Ilari Melart, Jon Landry, Shane O'Brien - PP : Ilari Melart - PK : Ilari Melart, Shane O'Brien
Penalty Shots
Andrew Gordon, Jason Zucker, Craig Cunningham, Colin Stuart, Warren Peters

Bulldogs

5 vs 5 Forward 
   Center                   Left Wing                Right Wing               Time % Phy DF OF 
 1 Cody McCormick           Patrick Dwyer            Brandon Yip              35     1   2  2  
 2 Mark Olver               Ryan Carter              B.J. Crombeen            30     1   2  2  
 3 Tim Kennedy              Jean-Francois Jacques    Brandon Yip              22     1   2  2  
 4 Trevor Smith             Patrick Dwyer            Patrick Kaleta           13     1   2  2  

5 vs 5 Defense 
   Defense                  Defense                                           Time % Phy DF OF 
 1 Jordan Leopold           Ryan Whitney                                      35     1   2  2  
 2 Steven Kampfer           Nathan Beaulieu                                   30     1   2  2  
 3 Reece Scarlett           Jordan Leopold                                    22     1   2  2  
 4 Jordan Leopold           Ryan Whitney                                      13     1   2  2  

PowerPlay Forward 
   Center                   Left Wing                Right Wing               Time % Phy DF OF 
 1 Cody McCormick           Patrick Dwyer            Brandon Yip              60     1   2  2  
 2 Mark Olver               Ryan Carter              B.J. Crombeen            40     1   2  2  

PowerPlay Defense
   Defense                  Defense                                           Time % Phy DF OF 
 1 Jordan Leopold           Ryan Whitney                                      60     1   2  2  
 2 Steven Kampfer           Nathan Beaulieu                                   40     1   2  2  

Penalty Kill 4 Players Forward 
   Center                   Wing                     Time % Phy DF OF 
 1 Cody McCormick           Patrick Dwyer            60     1   2  2  
 2 Ryan Carter              B.J. Crombeen            40     1   2  2  

Penalty Kill 4 Players Defense
   Defense                  Defense                  Time % Phy DF OF 
 1 Jordan Leopold           Ryan Whitney             60     1   2  2  
 2 Steven Kampfer           Nathan Beaulieu          40     1   2  2  

Penalty Kill - 3 Players Forward 
   Forward                                           Time % Phy DF OF 
 1 B.J. Crombeen                                     60     1   2  2  
 2 Patrick Dwyer                                     40     1   2  2  

Penalty Kill - 3 Players Defense
   Defense                  Defense                  Time % Phy DF OF 
 1 Jordan Leopold           Ryan Whitney             60     1   2  2  
 2 Steven Kampfer           Nathan Beaulieu          40     1   2  2  

4 vs 4 Forward 
   Center                   Wing                     Time % Phy DF OF 
 1 Cody McCormick           Patrick Dwyer            60     1   2  2  
 2 Ryan Carter              B.J. Crombeen            40     1   2  2  

4 vs 4 Defense
   Defense                  Defense                  Time % Phy DF OF 
 1 Jordan Leopold           Ryan Whitney             60     1   2  2  
 2 Steven Kampfer           Nathan Beaulieu          40     1   2  2  

Last Minutes Offensive
   Center                   Left Wing                Right Wing               Defense                  Defense                  
   Cody McCormick           Patrick Dwyer            B.J. Crombeen            Jordan Leopold           Ryan Whitney             

Last Minutes Defensive
   Center                   Left Wing                Right Wing               Defense                  Defense                  
   Cody McCormick           Patrick Dwyer            B.J. Crombeen            Jordan Leopold           Ryan Whitney             

Goaltenders
Starting : Jeff Zatkoff             
Backup : Eric Hartzell            

Extra Forwards
Normal : Jean-Francois Jacques, Brandon Yip, Tim Kennedy - PP : Jean-Francois Jacques, Brandon Yip - PK : Tim Kennedy
Extra Defensemen
Normal : Reece Scarlett, Jordan Leopold, Steven Kampfer - PP : Reece Scarlett - PK : Jordan Leopold, Steven Kampfer
Penalty Shots
Brandon Yip, Patrick Dwyer, Ryan Carter, B.J. Crombeen, Cody McCormick

% Time on Ice - Aeros

Lines # - Real PCT - Wanted PCT - Time Play
Normal Forward
1 - 26% - 35% - 12:55
2 - 27% - 30% - 13:11
3 - 24% - 22% - 11:40
4 - 23% - 13% - 11:09
Normal Defense
1 - 31% - 35% - 15:10
2 - 36% - 30% - 17:30
3 - 28% - 22% - 13:53
4 - 5% - 13% - 2:22
PP Forward
1 - 53% - 60% - 1:03
2 - 47% - 40% - 0:56
PP Defense
1 - 53% - 60% - 1:03
2 - 47% - 40% - 0:56
PK Forward
1 - 74% - 60% - 6:46
2 - 26% - 40% - 2:20
PK Defense
1 - 60% - 60% - 5:29
2 - 40% - 40% - 3:37
PK3 Forward
1 - 0% - 60%
2 - 0% - 40%
PK3 Defense
1 - 0% - 60%
2 - 0% - 40%
44 Forward
1 - 0% - 60%
2 - 0% - 40%
44 Defense
1 - 0% - 60%
2 - 0% - 40%
Last Minute Offensive  - 0:00
Last Minute Defensive  - 0:00
Total
Forward - 60:00
Defense - 60:00

% Time on Ice - Bulldogs

Lines # - Real PCT - Wanted PCT - Time Play
Normal Forward
1 - 18% - 35% - 8:55
2 - 29% - 30% - 14:21
3 - 24% - 22% - 11:50
4 - 28% - 13% - 13:49
Normal Defense
1 - 29% - 35% - 14:12
2 - 39% - 30% - 18:55
3 - 28% - 22% - 13:37
4 - 4% - 13% - 2:11
PP Forward
1 - 47% - 60% - 4:18
2 - 53% - 40% - 4:48
PP Defense
1 - 57% - 60% - 5:13
2 - 43% - 40% - 3:53
PK Forward
1 - 73% - 60% - 1:27
2 - 27% - 40% - 0:32
PK Defense
1 - 58% - 60% - 1:09
2 - 42% - 40% - 0:50
PK3 Forward
1 - 0% - 60%
2 - 0% - 40%
PK3 Defense
1 - 0% - 60%
2 - 0% - 40%
44 Forward
1 - 0% - 60%
2 - 0% - 40%
44 Defense
1 - 0% - 60%
2 - 0% - 40%
Last Minute Offensive  - 0:00
Last Minute Defensive  - 0:00
Total
Forward - 60:00
Defense - 60:00

Play by Play

1st period


0:01 of 1st period - Warren Peters wins face-off versus Cody McCormick in neutral zone.
1:13 of 1st period - Snap shot by Cam Janssen.
1:13 of 1st period - Stopped by Jeff Zatkoff without a rebound.
1:14 of 1st period - Tim Kennedy wins face-off versus Dan Catenacci in Bulldogs zone.
1:41 of 1st period - Slapshot by Nathan Beaulieu.
1:41 of 1st period - Stopped by Harri Sateri with a rebound.
1:43 of 1st period - Snap shot by Nathan Beaulieu.
1:43 of 1st period - Stopped by Harri Sateri with a rebound.
1:45 of 1st period - Wrist shot by Steven Kampfer.
1:45 of 1st period - Shot Blocked by Dan Catenacci.
2:24 of 1st period - Snap shot by Danny Hobbs.
2:24 of 1st period - Stopped by Jeff Zatkoff with a rebound.
2:44 of 1st period - Craig Cunningham is hit by Patrick Kaleta and loses puck.
3:05 of 1st period - Mark Olver is hit by Alex Friesen and loses puck.
4:48 of 1st period - B.J. Crombeen is hit by Shane O'Brien and loses puck.
5:50 of 1st period - Minor Penalty to Ilari Melart for Tripping.
5:51 of 1st period - Andrew Gordon wins face-off versus Mark Olver in Aeros zone.
6:48 of 1st period - Snap shot by B.J. Crombeen.
6:48 of 1st period - Goal by B.J. Crombeen - Aeros : 0 - Bulldogs : 1.
6:49 of 1st period - Trevor Smith wins face-off versus Alex Friesen in neutral zone.
6:54 of 1st period - Snap shot by Trevor Smith.
6:54 of 1st period - Stopped by Harri Sateri with a rebound.
6:56 of 1st period - Snap shot by Steven Kampfer.
6:56 of 1st period - Deflect By Patrick Dwyer.
6:56 of 1st period - Stopped by Harri Sateri with a rebound.
6:58 of 1st period - Wrist shot by Patrick Dwyer.
6:58 of 1st period - Shot Misses the Net.
7:00 of 1st period - Snap shot by Patrick Dwyer.
7:00 of 1st period - Shot Misses the Net.
7:02 of 1st period - Slapshot by Steven Kampfer.
7:02 of 1st period - Stopped by Harri Sateri with a rebound.
7:04 of 1st period - Slapshot by Trevor Smith.
7:04 of 1st period - Deflect By Patrick Dwyer.
7:04 of 1st period - Shot Blocked by Bretton Stamler.
7:04 of 1st period - Puck is out of play.
7:05 of 1st period - Trevor Smith wins face-off versus Craig Cunningham in Aeros zone.
7:42 of 1st period - Minor Penalty to Ryan Whitney for Holding.
7:43 of 1st period - Cody McCormick wins face-off versus Warren Peters in Bulldogs zone.
7:43 of 1st period - Cody McCormick is hit by Shane O'Brien.
8:12 of 1st period - Snap shot by Jason Zucker.
8:12 of 1st period - Stopped by Jeff Zatkoff with a rebound.
8:48 of 1st period - Wrist shot by Cody McCormick.
8:48 of 1st period - Shot Misses the Net.
9:42 of 1st period - Penalty to Ryan Whitney is over, Ryan Whitney is back on ice.
10:05 of 1st period - Snap shot by Colin Stuart.
10:05 of 1st period - Shot Blocked by Nathan Beaulieu.
10:07 of 1st period - Slapshot by Colin Stuart.
10:07 of 1st period - Shot Misses the Net.
10:09 of 1st period - Slapshot by Joel Chouinard.
10:09 of 1st period - Shot Blocked by Steven Kampfer.
10:11 of 1st period - Wrist shot by Colin Stuart.
10:11 of 1st period - Stopped by Jeff Zatkoff without a rebound.
10:12 of 1st period - Mike Ullrich wins face-off versus Tim Kennedy in Bulldogs zone.
10:33 of 1st period - Snap shot by Tim Kennedy.
10:33 of 1st period - Shot Blocked by Danny Hobbs.
11:07 of 1st period - Snap shot by Trevor Smith.
11:07 of 1st period - Stopped by Harri Sateri with a rebound.
11:24 of 1st period - Snap shot by B.J. Crombeen.
11:24 of 1st period - Deflect By Mark Olver.
11:24 of 1st period - Stopped by Harri Sateri with a rebound.
11:46 of 1st period - Backhand shot by Brandon Yip.
11:46 of 1st period - Deflect By Jean-Francois Jacques.
11:46 of 1st period - Shot Misses the Net.
11:46 of 1st period - Puck is out of play.
11:47 of 1st period - Warren Peters wins face-off versus Tim Kennedy in Aeros zone.
11:52 of 1st period - Slapshot by Andrew Gordon.
11:52 of 1st period - Shot Misses the Net.
12:14 of 1st period - Off-side.
12:15 of 1st period - Trevor Smith wins face-off versus Alex Friesen in neutral zone.
12:26 of 1st period - Alex Friesen is hit by Patrick Kaleta and loses puck.
14:28 of 1st period - Minor Penalty to Ilari Melart for High sticking.
14:29 of 1st period - Andrew Gordon wins face-off versus Mark Olver in Aeros zone.
15:36 of 1st period - Backhand shot by Ryan Carter.
15:36 of 1st period - Shot Blocked by Craig Cunningham.
15:38 of 1st period - Wrist shot by Ryan Carter.
15:38 of 1st period - Goal by Ryan Carter - Aeros : 0 - Bulldogs : 2.
15:39 of 1st period - Alex Friesen wins face-off versus Tim Kennedy in neutral zone.
15:44 of 1st period - Nathan Beaulieu is hit by Shane O'Brien and loses puck.
15:50 of 1st period - Off-side.
15:51 of 1st period - Jean-Francois Jacques wins face-off versus Alex Friesen in neutral zone.
16:01 of 1st period - Minor Penalty to Shane O'Brien for Charging.
16:02 of 1st period - Andrew Gordon wins face-off versus Mark Olver in Aeros zone.
16:40 of 1st period - Jon Landry is hit by Mark Olver and loses puck.
16:59 of 1st period - Slapshot by Nathan Beaulieu.
16:59 of 1st period - Shot Blocked by Craig Cunningham.
17:01 of 1st period - Wrist shot by Cody McCormick.
17:01 of 1st period - Deflect By Brandon Yip.
17:01 of 1st period - Shot Misses the Net.
17:01 of 1st period - Puck is out of play.
17:02 of 1st period - Colin Stuart wins face-off versus Patrick Dwyer in Aeros zone.
18:01 of 1st period - Penalty to Shane O'Brien is over, Shane O'Brien is back on ice.
18:05 of 1st period - Slapshot by Nathan Beaulieu.
18:05 of 1st period - Shot Blocked by Patrick Wey.
18:31 of 1st period - Jon Landry is hit by Steven Kampfer and loses puck.
19:28 of 1st period - Joel Chouinard is hit by Patrick Dwyer and loses puck.
19:54 of 1st period - Shane O'Brien is hit by Steven Kampfer and loses puck.
Goals for this period are 0 for Aeros vs 2 for Bulldogs.
Shots for this period are 4 for Aeros vs 9 for Bulldogs.

2nd period


0:01 of 2nd period - Cody McCormick wins face-off versus Warren Peters in neutral zone.
0:18 of 2nd period - Slapshot by Jason Zucker.
0:18 of 2nd period - Shot Misses the Net.
0:34 of 2nd period - Snap shot by Andrew Gordon.
0:34 of 2nd period - Deflect By Jason Zucker.
0:34 of 2nd period - Shot Misses the Net.
0:34 of 2nd period - Puck is out of play.
0:35 of 2nd period - Mark Olver wins face-off versus Alex Friesen in Bulldogs zone.
1:39 of 2nd period - Wrist shot by Colin Stuart.
1:39 of 2nd period - Shot Misses the Net.
1:41 of 2nd period - Wrist shot by Dan Catenacci.
1:41 of 2nd period - Deflect By Matthew Pistilli.
1:41 of 2nd period - Stopped by Jeff Zatkoff without a rebound.
1:42 of 2nd period - Warren Peters wins face-off versus Patrick Dwyer in Bulldogs zone.
1:47 of 2nd period - Wrist shot by Jason Zucker.
1:47 of 2nd period - Stopped by Jeff Zatkoff with a rebound.
2:31 of 2nd period - Jean-Francois Jacques is hit by Scott Campbell and loses puck.
2:53 of 2nd period - Joel Chouinard is hit by Tim Kennedy.
3:14 of 2nd period - Snap shot by Matthew Pistilli.
3:14 of 2nd period - Stopped by Jeff Zatkoff with a rebound.
3:30 of 2nd period - Wrist shot by Mark Olver.
3:30 of 2nd period - Deflect By B.J. Crombeen.
3:30 of 2nd period - Stopped by Harri Sateri with a rebound.
5:15 of 2nd period - Jason Zucker is hit by Ryan Carter and loses puck.
6:01 of 2nd period - Scott Campbell beats up B.J. Crombeen.
6:01 of 2nd period - Penalty to B.J. Crombeen for Fighting.
6:01 of 2nd period - Penalty to Scott Campbell for Fighting.
6:02 of 2nd period - Alex Friesen wins face-off versus Mark Olver in neutral zone.
6:14 of 2nd period - Wrist shot by Cam Janssen.
6:14 of 2nd period - Stopped by Jeff Zatkoff with a rebound.
7:02 of 2nd period - Slapshot by Shane O'Brien.
7:02 of 2nd period - Stopped by Jeff Zatkoff with a rebound.
7:16 of 2nd period - Slapshot by Matthew Pistilli.
7:16 of 2nd period - Shot Blocked by Patrick Dwyer.
7:52 of 2nd period - Mark Olver is hit by Jason Zucker and loses puck.
8:48 of 2nd period - Wrist shot by Brandon Yip.
8:48 of 2nd period - Shot Misses the Net.
8:50 of 2nd period - Snap shot by Patrick Dwyer.
8:50 of 2nd period - Shot Blocked by Patrick Wey.
9:36 of 2nd period - Cam Janssen is hit by Patrick Kaleta.
9:44 of 2nd period - Chris Conner is hit by Ilari Melart.
9:45 of 2nd period - Icing by Chris Conner.
9:46 of 2nd period - Trevor Smith wins face-off versus Alex Friesen in Bulldogs zone.
10:02 of 2nd period - Snap shot by Craig Cunningham.
10:02 of 2nd period - Shot Blocked by Andrew Bodnarchuk.
10:04 of 2nd period - Wrist shot by Alex Friesen.
10:04 of 2nd period - Stopped by Jeff Zatkoff without a rebound.
10:05 of 2nd period - Warren Peters wins face-off versus Mark Olver in Bulldogs zone.
10:06 of 2nd period - Wrist shot by Jason Zucker.
10:06 of 2nd period - Shot Misses the Net.
10:21 of 2nd period - Mark Olver is hit by Jason Zucker and loses puck.
11:05 of 2nd period - Alex Friesen is hit by Steven Kampfer and loses puck.
11:34 of 2nd period - Wrist shot by Tim Kennedy.
11:34 of 2nd period - Shot Misses the Net.
11:52 of 2nd period - Wrist shot by Colin Stuart.
11:52 of 2nd period - Stopped by Jeff Zatkoff with a rebound.
11:54 of 2nd period - Slapshot by Dan Catenacci.
11:54 of 2nd period - Stopped by Jeff Zatkoff with a rebound.
12:34 of 2nd period - Brandon Yip is hit by Danny Hobbs and loses puck.
13:05 of 2nd period - Snap shot by Jason Zucker.
13:05 of 2nd period - Stopped by Jeff Zatkoff without a rebound.
13:06 of 2nd period - Trevor Smith wins face-off versus Dan Catenacci in Bulldogs zone.
13:25 of 2nd period - Wrist shot by Colin Stuart.
13:25 of 2nd period - Shot Blocked by Patrick Kaleta.
13:27 of 2nd period - Slapshot by Colin Stuart.
13:27 of 2nd period - Shot Misses the Net.
13:37 of 2nd period - Wrist shot by Jason Zucker.
13:37 of 2nd period - Shot Misses the Net.
13:39 of 2nd period - Snap shot by Jon Landry.
13:39 of 2nd period - Stopped by Jeff Zatkoff with a rebound.
13:41 of 2nd period - Wrist shot by Jason Zucker.
13:41 of 2nd period - Stopped by Jeff Zatkoff with a rebound.
13:43 of 2nd period - Slapshot by Patrick Wey.
13:43 of 2nd period - Shot Misses the Net.
13:45 of 2nd period - Snap shot by Andrew Gordon.
13:45 of 2nd period - Deflect By Nathan Beaulieu.
13:45 of 2nd period - Shot Misses the Net.
13:45 of 2nd period - Puck is out of play.
13:46 of 2nd period - Mark Olver wins face-off versus Warren Peters in Bulldogs zone.
13:46 of 2nd period - Mark Olver is hit by Jason Zucker.
14:25 of 2nd period - Alex Friesen is hit by Tim Kennedy and loses puck.
14:34 of 2nd period - Cam Janssen is hit by Tim Kennedy and loses puck.
14:49 of 2nd period - Snap shot by Cam Janssen.
14:49 of 2nd period - Deflect By Craig Cunningham.
14:49 of 2nd period - Shot Misses the Net.
14:49 of 2nd period - Puck is out of play.
14:50 of 2nd period - Mike Ullrich wins face-off versus Mark Olver in Bulldogs zone.
15:45 of 2nd period - Wrist shot by Jean-Francois Jacques.
15:45 of 2nd period - Deflect By Shane O'Brien.
15:45 of 2nd period - Shot Blocked by Jon Landry.
15:45 of 2nd period - Puck is out of play.
15:46 of 2nd period - Dan Catenacci wins face-off versus Tim Kennedy in Aeros zone.
15:46 of 2nd period - Dan Catenacci is hit by Jean-Francois Jacques.
15:55 of 2nd period - Icing by Brandon Yip.
15:56 of 2nd period - Dan Catenacci wins face-off versus Jean-Francois Jacques in Bulldogs zone.
16:11 of 2nd period - Slapshot by Colin Stuart.
16:11 of 2nd period - Stopped by Jeff Zatkoff with a rebound.
16:17 of 2nd period - Patrick Wey is hit by Andrew Bodnarchuk and loses puck.
16:42 of 2nd period - Slapshot by Patrick Dwyer.
16:42 of 2nd period - Shot Misses the Net.
17:22 of 2nd period - Slapshot by Warren Peters.
17:22 of 2nd period - Stopped by Jeff Zatkoff with a rebound.
17:30 of 2nd period - Snap shot by Andrew Gordon.
17:30 of 2nd period - Shot Misses the Net.
17:48 of 2nd period - Steven Kampfer is hit by Ilari Melart.
18:18 of 2nd period - Slapshot by Cam Janssen.
18:18 of 2nd period - Stopped by Jeff Zatkoff with a rebound.
18:51 of 2nd period - Wrist shot by Brandon Yip.
18:51 of 2nd period - Shot Misses the Net.
19:03 of 2nd period - Danny Hobbs is hit by Ryan Carter and loses puck.
19:58 of 2nd period - Matthew Pistilli is hit by B.J. Crombeen and loses puck.
Goals for this period are 0 for Aeros vs 0 for Bulldogs.
Shots for this period are 14 for Aeros vs 1 for Bulldogs.

3rd period


0:01 of 3rd period - Warren Peters wins face-off versus Cody McCormick in neutral zone.
1:11 of 3rd period - Snap shot by Nathan Beaulieu.
1:11 of 3rd period - Shot Blocked by Patrick Wey.
1:15 of 3rd period - Slapshot by Ryan Carter.
1:15 of 3rd period - Goal by Ryan Carter - Aeros : 0 - Bulldogs : 3.
1:16 of 3rd period - Dan Catenacci wins face-off versus Mark Olver in neutral zone.
1:26 of 3rd period - Major Penalty to Patrick Wey for Kneeing.
1:27 of 3rd period - Mark Olver wins face-off versus Andrew Gordon in Aeros zone.
1:54 of 3rd period - Wrist shot by B.J. Crombeen.
1:54 of 3rd period - Shot Hit the Post.
1:56 of 3rd period - Wrist shot by Ryan Carter.
1:56 of 3rd period - Shot Misses the Net.
1:58 of 3rd period - Slapshot by Ryan Carter.
1:58 of 3rd period - Shot Blocked by Shane O'Brien.
2:00 of 3rd period - Wrist shot by Ryan Carter.
2:00 of 3rd period - Stopped by Harri Sateri with a rebound.
2:04 of 3rd period - Slapshot by B.J. Crombeen.
2:04 of 3rd period - Shot Blocked by Jon Landry.
2:27 of 3rd period - Ilari Melart is hit by Ryan Whitney and loses puck.
3:08 of 3rd period - Off-side.
3:09 of 3rd period - Craig Cunningham wins face-off versus Mark Olver in neutral zone.
3:34 of 3rd period - Slapshot by Nathan Beaulieu.
3:34 of 3rd period - Shot Misses the Net.
4:13 of 3rd period - Cam Janssen is hit by Ryan Carter and loses puck.
4:43 of 3rd period - Scott Campbell is hit by Cody McCormick and loses puck.
5:37 of 3rd period - Jean-Francois Jacques is hit by Scott Campbell and loses puck.
5:54 of 3rd period - Mark Olver is hit by Colin Stuart.
6:06 of 3rd period - Snap shot by Ryan Carter.
6:06 of 3rd period - Deflect By B.J. Crombeen.
6:06 of 3rd period - Stopped by Harri Sateri with a rebound.
6:26 of 3rd period - Penalty to Patrick Wey is over, Patrick Wey is back on ice.
7:16 of 3rd period - Cam Janssen is hit by Trevor Smith and loses puck.
8:15 of 3rd period - Slapshot by Nathan Beaulieu.
8:15 of 3rd period - Shot Misses the Net.
8:51 of 3rd period - Snap shot by Brandon Yip.
8:51 of 3rd period - Stopped by Harri Sateri with a rebound.
9:13 of 3rd period - Wrist shot by B.J. Crombeen.
9:13 of 3rd period - Stopped by Harri Sateri with a rebound.
9:45 of 3rd period - Wrist shot by Cody McCormick.
9:45 of 3rd period - Stopped by Harri Sateri without a rebound.
9:46 of 3rd period - Dan Catenacci wins face-off versus Cody McCormick in Aeros zone.
9:51 of 3rd period - Cody McCormick is hit by Bretton Stamler and loses puck.
10:00 of 3rd period - Dan Catenacci is hit by Patrick Dwyer and loses puck.
10:13 of 3rd period - Matthew Pistilli is hit by Mark Olver and loses puck.
10:50 of 3rd period - Jean-Francois Jacques is hit by Joel Chouinard and loses puck.
10:59 of 3rd period - Wrist shot by Mike Ullrich.
10:59 of 3rd period - Shot Misses the Net.
11:19 of 3rd period - Andrew Gordon is hit by Brandon Yip.
12:09 of 3rd period - Patrick Kaleta is hit by Andrew Gordon.
12:36 of 3rd period - Nathan Beaulieu is hit by Shane O'Brien and loses puck.
12:56 of 3rd period - Jordan Leopold is hit by Cam Janssen and loses puck.
13:21 of 3rd period - Warren Peters is hit by Mark Olver and loses puck.
13:30 of 3rd period - Snap shot by Jason Zucker.
13:30 of 3rd period - Shot Blocked by B.J. Crombeen.
13:32 of 3rd period - Snap shot by Andrew Gordon.
13:32 of 3rd period - Shot Blocked by Mark Olver.
13:34 of 3rd period - Snap shot by Warren Peters.
13:34 of 3rd period - Stopped by Jeff Zatkoff without a rebound.
13:35 of 3rd period - Cody McCormick wins face-off versus Warren Peters in Bulldogs zone.
13:49 of 3rd period - Off-side.
13:50 of 3rd period - Cody McCormick wins face-off versus Dan Catenacci in neutral zone.
15:11 of 3rd period - Alex Friesen is hit by Trevor Smith and loses puck.
15:19 of 3rd period - Wrist shot by Chris Conner.
15:19 of 3rd period - Stopped by Harri Sateri with a rebound.
15:47 of 3rd period - Snap shot by Dan Catenacci.
15:47 of 3rd period - Stopped by Jeff Zatkoff with a rebound.
16:23 of 3rd period - Steven Kampfer is hit by Danny Hobbs.
16:47 of 3rd period - Snap shot by Trevor Smith.
16:47 of 3rd period - Stopped by Harri Sateri with a rebound.
16:49 of 3rd period - Snap shot by Patrick Dwyer.
16:49 of 3rd period - Shot Blocked by Patrick Wey.
16:51 of 3rd period - Wrist shot by Patrick Dwyer.
16:51 of 3rd period - Shot Blocked by Patrick Wey.
16:53 of 3rd period - Wrist shot by Patrick Dwyer.
16:53 of 3rd period - Goal by Patrick Dwyer - Aeros : 0 - Bulldogs : 4.
16:54 of 3rd period - Trevor Smith wins face-off versus Warren Peters in neutral zone.
17:19 of 3rd period - Patrick Kaleta is hit by Shane O'Brien and loses puck.
17:38 of 3rd period - Nathan Beaulieu is hit by Alex Friesen and loses puck.
17:43 of 3rd period - Wrist shot by Cam Janssen.
17:43 of 3rd period - Stopped by Jeff Zatkoff with a rebound.
17:47 of 3rd period - Snap shot by Cam Janssen.
17:47 of 3rd period - Shot Blocked by Jean-Francois Jacques.
17:49 of 3rd period - Snap shot by Craig Cunningham.
17:49 of 3rd period - Deflect By Cam Janssen.
17:49 of 3rd period - Shot Misses the Net.
17:49 of 3rd period - Puck is out of play.
17:50 of 3rd period - Dan Catenacci wins face-off versus Mark Olver in Bulldogs zone.
17:51 of 3rd period - Slapshot by Matthew Pistilli.
17:51 of 3rd period - Shot Blocked by Nathan Beaulieu.
18:17 of 3rd period - Wrist shot by Colin Stuart.
18:17 of 3rd period - Deflect By Steven Kampfer.
18:17 of 3rd period - Stopped by Jeff Zatkoff without a rebound.
18:18 of 3rd period - Cody McCormick wins face-off versus Mike Ullrich in Bulldogs zone.
18:18 of 3rd period - Cody McCormick is hit by Danny Hobbs.
18:49 of 3rd period - Scott Campbell is hit by Brandon Yip and loses puck.
18:56 of 3rd period - Patrick Dwyer is hit by Mike Ullrich and loses puck.
19:43 of 3rd period - Snap shot by Cam Janssen.
19:43 of 3rd period - Deflect By Craig Cunningham.
19:43 of 3rd period - Shot Misses the Net.
19:43 of 3rd period - Puck is out of play.
19:44 of 3rd period - Alex Friesen wins face-off versus Trevor Smith in Bulldogs zone.
Goals for this period are 0 for Aeros vs 2 for Bulldogs.
Shots for this period are 4 for Aeros vs 9 for Bulldogs.


Output by the SimonT Hockey Simulator (STHS) for Eric Dolegowski -- Original Page W3C XHTML 1.0 Valid
Hockey Simulator - Hockey Simulation - Hockey Manager